 Dungeon Crawl Stone Soup version 0.27.0-1-g7a089689b8 (webtiles) character file.

Game seed: 10217448752442881607

346 Lochraine the Skirmisher (level 6, 0/55 HPs)
             Began as a Minotaur Wanderer on Aug 11, 2021.
             Was an Initiate of Qazlal.
             Slain by Duvessa (12 damage)
             ... on level 4 of the Dungeon.
             The game lasted 00:06:28 (3808 turns).

Lochraine the Skirmisher (Minotaur Wanderer)        Turns: 3808, Time: 00:06:29

Health: 0/55       AC:  7    Str: 15    XL:     6   Next: 32%
Magic:  6/6        EV: 10    Int:  9    God:    Qazlal [......]
Gold:   93         SH:  0    Dex: 13    Spells: 6/7 levels left

rFire    + . .     SeeInvis .   l - +0 scimitar (holy)
rCold    . . .     Faith    .   (no shield)
rNeg     . . .     Spirit   .   m - +0 ring mail
rPois    .         Reflect  .   (helmet restricted)
rElec    .         Harm     .   (no cloak)
rCorr    .         Rampage  .   h - +1 pair of gloves
Will     .....                  (no boots)
Stlth    +.........             (no amulet)
HPRegen  0.18/turn              f - ring of protection from fire
MPRegen  0.10/turn              q - ring of flight

@: mighty, lit by a corona, flying, glowing
A: horns 2, retaliatory headbutt
a: Renounce Religion


You were on level 4 of the Dungeon.
You worshipped Qazlal.
Qazlal was noncommittal.
You visited 1 branch of the dungeon, and saw 4 of its levels.

You collected 93 gold pieces.

Inventory:

Hand Weapons
 a - a +0 spear
 k - a +0 war axe
   (You found it on level 2 of the Dungeon)
 l - a +0 scimitar of holy wrath (weapon)
   (You found it on level 2 of the Dungeon)
Armour
 c - a +0 robe
 h - a +1 pair of gloves (worn)
   (You found it on level 1 of the Dungeon)
 m - a +0 ring mail (worn)
   (You found it on level 2 of the Dungeon)
Jewellery
 f - a ring of protection from fire (left hand)
   (You found it on level 1 of the Dungeon)
 q - a ring of flight (right hand)
   (You found it on level 3 of the Dungeon)
Scrolls
 b - 7 scrolls of teleportation {@r4}
 e - 2 scrolls of identify {unknown}
 g - a scroll of fear {unknown}
 p - a scroll of noise {unknown}
Potions
 i - a potion of heal wounds {unknown}
 j - a potion of ambrosia {unknown}
 n - a potion of cancellation {unknown}
 o - a potion of degeneration {unknown}


   Skills:
 + Level 4.8 Fighting
 + Level 4.0 Long Blades
 - Level 4.5 Polearms
 + Level 2.0 Armour
 - Level 1.1 Dodging
 - Level 1.0 Stealth
 - Level 1.0 Spellcasting
 - Level 1.3 Summonings
 * Level 0.6 Invocations
 + Level 1.2 Evocations


You had 6 spell levels left.
You knew the following spells:

 Your Spells              Type           Power      Damage    Failure   Level
a - Magic Dart            Conj           0%         1d3       56%         1

Your spell library contained the following spells:

 Spells                   Type           Power      Damage    Failure   Level
 Call Imp                 Summ           2%         N/A       52%         2
 Blink                    Tloc           N/A        N/A       71%         2
 Slow                     Hex            0%         N/A       71%         2
 Conjure Flame            Conj/Fire      0%         6-21      91%         3
 Mephitic Cloud           Conj/Pois/Air  0%         N/A       91%         3


Dungeon Overview and Level Annotations

Branches:
Dungeon (4/15)
 Temple: D:4-7

Altars:
Qazlal
Vehumet
Zin

Annotations:
D:4 Duvessa


Innate Abilities, Weirdness & Mutations

You have a pair of horns on your head.
You reflexively headbutt those who attack you in melee.


Message History

You hear the rapid rusting of a distant drain.
Dowan, Brother of Duvessa comes into view.
He is wielding a +0 dagger.
Dowan shouts!
Here: Dowan, wielding a +0 dagger and wearing a +0 robe The floor.
Okay, then.
You feel very mighty all of a sudden.
You slice Dowan!! Dowan hits you with a +0 dagger.
You barely miss Dowan. Dowan casts a spell at you.
The puff of frost hits you but does no damage.
You barely miss Dowan. Your headbutt misses Dowan. Dowan casts a spell at you.
You are outlined in light.
Dowan hits you but does no damage.
You closely miss Dowan. Dowan gestures at you while chanting.
The puff of flame misses you.
You slash Dowan!
You kill Dowan!
Qazlal accepts your kill.
You hear a distant scream of rage.
Your Long Blades skill increases to level 4!
Your Armour skill increases to level 2!
Duvessa, Sister of Dowan comes into view.
She is wielding a +0 short sword.
Here: Duvessa, wielding a +0 short sword and wearing a +0 chain mail (wandering, hasn't noticed you)
The floor.
Okay, then.
Duvessa shouts!
Duvessa goes berserk!
Things that are here:
a +0 dagger; a +0 robe You slash Duvessa!
Your headbutt misses Duvessa.
Duvessa hits you with a +0 short sword!!
Duvessa hits you with a +0 short sword.
Okay, then.
You barely miss Duvessa. You headbutt Duvessa! Duvessa completely misses you.
You furiously retaliate!
You headbutt Duvessa. Duvessa hits you with a +0 short sword.
* * * LOW HITPOINT WARNING * * *
You barely miss Duvessa. Your headbutt misses Duvessa.
Duvessa barely misses you.
You riposte.
You hit Duvessa. You headbutt Duvessa. Duvessa hits you but does no damage.
You hit Duvessa. Duvessa closely misses you.
Duvessa hits you with a +0 short sword!
* * * LOW HITPOINT WARNING * * *
You slash Duvessa! Duvessa completely misses you.
You hit Duvessa but do no damage. Duvessa hits you with a +0 short sword.
* * * LOW HITPOINT WARNING * * *
Duvessa hits you with a +0 short sword!
You die...

#.#.##....#
# #.....#.#
#######.#
..#.# ##
#.#.# ..
#.#.#
#.#.#.#
..##...#.###
......e@...#
############


You could see Duvessa (berserk).

Vanquished Creatures
  A phantom (D:2)
  Dowan (D:4)
  A water moccasin skeleton (D:3)
  An orc priest (D:3)
  2 orc wizards (D:3)
  Terence (D:3)
  An ufetubus (D:4)
  A worm (D:2)
  A dart slug (D:1)
  9 orcs
  An endoplasm (D:1)
  8 goblins
  9 hobgoblins
  7 jackals
  A quokka (D:4)
  3 ball pythons
  4 bats
  2 frilled lizards (D:1)
  7 kobolds
  A rat (D:3)
62 creatures vanquished.

Notes
Turn   | Place    | Note
-------+----------+-------------------------------------------
     0 | D:1      | Lochraine the Minotaur Wanderer began the quest for the
                  | Orb.
     0 | D:1      | Lochraine set off with the following items: a +0 spear, a
                  | scroll of teleportation {@r4}, a +0 robe; and the following
                  | spell memorised: Magic Dart; and the following spells
                  | available to memorise: Call Imp, Blink, Slow, Conjure
                  | Flame, Mephitic Cloud
     0 | D:1      | Reached XP level 1. HP: 18/18 MP: 1/1
   146 | D:1      | You fall into a shaft and drop 1 floor!
   166 | D:2      | Reached XP level 2. HP: 23/25 MP: 2/2
  1037 | D:1      | Reached XP level 3. HP: 30/30 MP: 3/3
  1281 | D:2      | Noticed a phantom
  1339 | D:2      | Found a faded altar of an unknown god.
  1687 | D:2      | Killed a phantom
  1688 | D:2      | Reached XP level 4. HP: 19/38 MP: 4/4
  1928 | D:3      | Reached XP level 5. HP: 24/46 MP: 5/5
  2359 | D:3      | Reached skill level 1 in Armour
  2498 | D:3      | Noticed Terence
  2504 | D:3      | Killed Terence
  2505 | D:3      | Reached XP level 6. HP: 50/53 MP: 6/6
  2537 | D:3      | Found a radiant altar of Vehumet.
  3411 | D:4      | Found a stormy altar of Qazlal.
  3411 | D:4      | Found a glowing silver altar of Zin.
  3419 | D:4      | Became a worshipper of Qazlal Stormbringer
  3784 | D:4      | Noticed Dowan
  3794 | D:4      | Killed Dowan
  3801 | D:4      | Noticed Duvessa
  3808 | D:4      | Slain by Duvessa

Illustrated notes

Levels and vault maps discovered:
D:1:      dpeg_arrival_morbid_curiosity, layout_basic
D:2:      layout_rooms, hellmonk_ecumenical_altar_blasted, chequers_avenue
D:3:      layout_loops_corners, mainiacjoe_overflow_boulevard, uniq_terence
D:4:      layout_basic, minitemple, serial_shops, nicolae_diamond_shop,
          gup_sewer_entry_spiral, uniq_duvessa

Skill      XL: |  1  2  3  4  5  6 |
---------------+-------------------+-----
Polearms       | 3 4 |  4.5
Fighting       | 3 4 |  4.8
Long Blades    | 2 3 4 |  4.0
Armour         | 1 2 |  2.0
Dodging        | |  1.1
Stealth        | |  1.0
Spellcasting   | |  1.0
Summonings     | |  1.3
Invocations    | |  0.6
Evocations     | |  1.2

Action                   |  1- 3 |  4- 6 || total
-------------------------+-------+-------++-------
Melee: Spear             |    78 |       ||    78
       Headbutt          |    12 |    12 ||    24
       Scimitar          |    12 |    97 ||   109
  Use: Potion            |       |     3 ||     3
       Scroll            |       |     1 ||     1
 Stab: Sleeping          |     3 |       ||     3
Armor: Robe              |    11 |       ||    11
       Ring mail         |     2 |    54 ||    56
Dodge: Dodged            |    33 |    47 ||    80
       Rpst.: Scimitar   |     1 |     7 ||     8
